Maple Leafs vs Ducks

Created - December 5, 2025 at 19:25

Goals
1 2 3 T
Maple Leafs 1 2 4 7
Ducks 0 1 1 2
Shots
1 2 3 T
Maple Leafs 15 7 12 34
Ducks 9 17 8 34

1st period

1. Maple Leafs , Jason Zucker 5 (Bo Horvat 6, William Nylander 2) at 15:26

Penalties :
Cody Eakin (Ana) for Hooking (Minor) at 3:29, Adam Larsson (Ana) for Roughing (Minor) at 16:04

2nd period

2. Maple Leafs , Pontus Aberg 2 (Valentin Zykov 2, Pierre-Olivier Joseph 4) at 6:52
3. Ducks , Alex Pietrangelo 4 (Tye McGinn 3, Cody Eakin 7) at 8:23 (PP)
4. Maple Leafs , Tyler Benson 1 (Pierre-Olivier Joseph 5, Jason Zucker 5) at 16:14

Penalties :
Adam Gaudette (Ana) for Tripping (Minor) at 2:50, Bo Horvat (TOR) for Roughing (Minor) at 2:57, Jason Zucker (TOR) for Close Hand On Puck (Minor) at 7:37, Andre Burakovsky (TOR) for Holding (Minor) at 14:04

3rd period

5. Maple Leafs , Tyler Benson 2 (Haydn Fleury 3, Martin Necas 5) at 3:59
6. Maple Leafs , Valentin Zykov 2 (Pontus Aberg 3, Elias Lindholm 3) at 5:12
7. Ducks , Tyler Johnson 2 (Tye McGinn 4, Tyler Myers 3) at 13:12
8. Maple Leafs , Evander Kane 8 (Elias Pettersson 11, Andre Burakovsky 7) at 17:53
9. Maple Leafs , William Nylander 1 (Haydn Fleury 4, Jason Zucker 6) at 19:15

Penalties :
Evander Kane (TOR) for Tripping (Minor) at 8:33

Goalie Stats

Kristers Gudlevskis (TOR), 32 saves from 34 shots - (0.941), W, 5-3-0, 60:00 minutes
Marek Mazanek (Ana), 19 saves from 24 shots - (0.792), L, 2-3-0, 45:12 minutes
Michal Neuvirth (Ana), 8 saves from 10 shots - (0.800), 14:48 minutes

Players Stats for Maple Leafs

Player Name              G  A  P  +/- PIM S  H  SB GA TA FO     MP     PP MP  PK MP  
------------------------------------------------------------------------------------
Aleksi Saarela           0  0  0   2  0   1  0  0  0  0  2/3     9:46   0:01   0:40 
Andre Burakovsky         0  1  1   0  2   2  2  0  2  0  2/3    21:02   2:15   0:00 
Bo Horvat                0  1  1   2  2   1  3  0  1  0  9/21   18:14   2:13   2:46 
Brendan Guhle            0  0  0   2  0   2  0  0  0  0  0/0    13:23   0:00   1:40 
Elias Lindholm           0  1  1   2  0   0  0  0  0  0  3/5    10:06   0:00   0:50 
Elias Pettersson         0  1  1   0  0   3  0  0  1  0  15/31  22:06   1:50   1:46 
Evander Kane             1  0  1   0  2   7  4  2  1  0  0/3    23:31   2:15   1:49 
Haydn Fleury             0  2  2   2  0   0  1  1  1  1  0/0    17:58   0:00   3:07 
Jason Zucker             1  2  3   2  2   4  1  0  0  0  0/0    17:09   1:50   1:21 
John Klingberg           0  0  0   2  0   0  1  1  0  0  0/0    26:38   2:28   0:00 
Jon Merrill              0  0  0   2  0   2  1  1  1  0  0/0    19:59   1:37   3:11 
Martin Necas             0  1  1   2  0   1  1  0  0  0  0/0    11:18   1:50   0:04 
Pierre-Olivier Joseph    0  2  2   3  0   1  2  0  1  0  0/0    13:26   1:37   0:04 
Pontus Aberg             1  1  2   2  0   2  2  0  0  0  1/1     8:57   0:00   0:04 
Tyler Benson             2  0  2   2  0   2  0  1  0  0  0/0     9:05   0:00   0:00 
Valentin Zykov           1  1  2   2  0   3  1  0  0  0  0/0     8:44   0:00   0:22 
William Nylander         1  1  2   2  0   3  1  0  0  0  0/0    13:15   0:00   0:00 
Zach Werenski            0  0  0   1  0   0  1  4  1  1  0/0    28:36   2:28   1:40 

Players Stats for Ducks

Player Name              G  A  P  +/- PIM S  H  SB GA TA FO     MP     PP MP  PK MP  
------------------------------------------------------------------------------------
Adam Gaudette            0  0  0   0  2   3  3  0  0  1  0/0    19:37   1:58   0:00 
Adam Larsson             0  0  0  -3  2   0  2  1  0  1  0/0    25:11   2:04   0:51 
Adrian Kempe             0  0  0  -3  0   2  1  0  0  1  0/0    17:02   2:46   0:00 
Alex Pietrangelo         1  0  1  -2  0   3  1  4  1  1  0/0    27:05   2:47   0:49 
Carter Verhaeghe         0  0  0  -3  0   1  1  1  0  0  1/1    17:45   2:46   0:00 
Cody Eakin               0  1  1  -1  2   3  2  0  0  0  3/8    12:48   1:54   1:05 
Danny DeKeiser           0  0  0  -2  0   1  1  0  0  0  0/0    17:27   2:47   1:40 
Frederick Gaudreau       0  0  0  -2  0   5  0  1  0  0  2/4     8:22   0:00   1:04 
John Carlson             0  0  0  -1  0   0  1  2  0  1  0/0    15:43   0:00   0:00 
Josh Anderson            0  0  0  -1  0   0  4  0  0  1  1/1    10:05   0:07   0:00 
Kevin Fiala              0  0  0  -2  0   1  0  0  0  0  0/0     7:18   0:00   0:00 
Matt Martin              0  0  0  -2  0   0  1  1  0  0  0/0     9:31   0:11   2:00 
Nico Hischier            0  0  0  -3  0   2  1  0  1  0  7/14   16:03   0:11   1:05 
Nikita Tryamkin          0  0  0  -2  0   0  2  0  0  0  0/0    13:32   0:00   2:25 
Teemu Hartikainen        0  0  0  -1  0   3  0  0  0  0  1/1    11:50   0:00   2:00 
Tye McGinn               0  2  2   0  0   4  1  0  0  1  3/4    21:21   1:54   0:32 
Tyler Johnson            1  0  1   0  0   6  2  0  0  1  17/34  22:19   2:46   0:24 
Tyler Myers              0  1  1  -2  0   0  0  1  0  1  0/0    21:01   2:04   2:25 

3 Stars

1 - Tyler Benson (TOR)
2 - Pontus Aberg (TOR)
3 - Jason Zucker (TOR)

Power Play

Maple Leafs - 0 on 3 Attempt(s) - 0.00%
Ducks - 1 on 4 Attempt(s) - 25.00%

Penalty Kill

Maple Leafs - 3 on 4 Attempt(s) - 75.00% - Score 0 goal in Penalty Kill
Ducks - 3 on 3 Attempt(s) - 100.00% - Score 0 goal in Penalty Kill

Team Stat

Maple Leafs - Hits : 21 - Faceoff Wins : 32 - Blocked Shots : 10 - Penalty Minutes : 8
Ducks - Hits : 23 - Faceoff Wins : 35 - Blocked Shots : 11 - Penalty Minutes : 6

Official

Referees : Garrett Rank and Dan O'Rourke
Linesman : Matt MacPherson and Greg Devorski

Game Notes

Michal Neuvirth enters game at 5:12 of 3rd period

Finance

Level 1 -- Attendance: 5424 (90.40%) -- Ticket Income $542,400
Level 2 -- Attendance: 4743 (94.86%) -- Ticket Income $332,010
Level 3 -- Attendance: 1788 (89.40%) -- Ticket Income $71,520
Level 4 -- Attendance: 4000 (100.00%) -- Ticket Income $120,000
Luxury Box -- Attendance: 1000 (100.00%) -- Ticket Income $200,000
Game was played at the Arrow head pond.
Total Attendance: 16955 (94.19%)
Total Ticket Income: $1,265,930
Other Income: $189,890
Total Income: $1,455,820

Maple Leafs

5 vs 5 Forward 
   Center                   Left Wing                Right Wing               Time % Phy DF OF 
 1 Elias Pettersson         Evander Kane             Andre Burakovsky         40     1   2  2  
 2 Bo Horvat                Jason Zucker             William Nylander         30     1   2  2  
 3 Aleksi Saarela           Tyler Benson             Martin Necas             20     1   2  2  
 4 Elias Lindholm           Valentin Zykov           Pontus Aberg             10     1   2  2  

5 vs 5 Defense 
   Defense                  Defense                                           Time % Phy DF OF 
 1 Zach Werenski            John Klingberg                                    40     1   2  2  
 2 Jon Merrill              Haydn Fleury                                      30     1   2  2  
 3 Brendan Guhle            Pierre-Olivier Joseph                             20     1   2  2  
 4 Zach Werenski            John Klingberg                                    10     1   2  2  

PowerPlay Forward 
   Center                   Left Wing                Right Wing               Time % Phy DF OF 
 1 Bo Horvat                Evander Kane             Andre Burakovsky         60     1   2  2  
 2 Elias Pettersson         Jason Zucker             Martin Necas             40     1   2  2  

PowerPlay Defense
   Defense                  Defense                                           Time % Phy DF OF 
 1 Zach Werenski            John Klingberg                                    60     1   2  2  
 2 Jon Merrill              Pierre-Olivier Joseph                             40     1   2  2  

Penalty Kill 4 Players Forward 
   Center                   Wing                     Time % Phy DF OF 
 1 Bo Horvat                Evander Kane             60     1   2  2  
 2 Elias Lindholm           Andre Burakovsky         40     1   2  2  

Penalty Kill 4 Players Defense
   Defense                  Defense                  Time % Phy DF OF 
 1 Jon Merrill              Haydn Fleury             60     1   2  2  
 2 Brendan Guhle            Zach Werenski            40     1   2  2  

Penalty Kill - 3 Players Forward 
   Forward                                           Time % Phy DF OF 
 1 Bo Horvat                                         60     1   2  2  
 2 Elias Lindholm                                    40     1   2  2  

Penalty Kill - 3 Players Defense
   Defense                  Defense                  Time % Phy DF OF 
 1 Jon Merrill              Haydn Fleury             60     1   2  2  
 2 Brendan Guhle            Zach Werenski            40     1   2  2  

4 vs 4 Forward 
   Center                   Wing                     Time % Phy DF OF 
 1 Bo Horvat                Evander Kane             60     1   2  2  
 2 Elias Pettersson         Jason Zucker             40     1   2  2  

4 vs 4 Defense
   Defense                  Defense                  Time % Phy DF OF 
 1 Zach Werenski            John Klingberg           60     1   2  2  
 2 Jon Merrill              Pierre-Olivier Joseph    40     1   2  2  

Last Minutes Offensive
   Center                   Left Wing                Right Wing               Defense                  Defense                  
   Elias Pettersson         Evander Kane             Andre Burakovsky         Zach Werenski            John Klingberg           

Last Minutes Defensive
   Center                   Left Wing                Right Wing               Defense                  Defense                  
   Bo Horvat                Evander Kane             Andre Burakovsky         Haydn Fleury             Jon Merrill              

Goaltenders
Starting : Kristers Gudlevskis      
Backup : Semyon Varlamov          

Extra Forwards
Normal : Elias Lindholm, Martin Necas, Pontus Aberg - PP : Elias Pettersson, Martin Necas - PK : Elias Pettersson
Extra Defensemen
Normal : Haydn Fleury, Pierre-Olivier Joseph, Brendan Guhle - PP : Pierre-Olivier Joseph - PK : Haydn Fleury, Brendan Guhle
Penalty Shots
Andre Burakovsky, Elias Pettersson, Evander Kane, Aleksi Saarela, John Klingberg
Custom OT Lines Forwards
Evander Kane, Bo Horvat, Andre Burakovsky, Elias Pettersson, Jason Zucker, Martin Necas, Pontus Aberg, Valentin Zykov, Elias Lindholm, Aleksi Saarela
Custom OT Lines Defensemen
Zach Werenski, John Klingberg, Jon Merrill, Pierre-Olivier Joseph, Haydn Fleury

Scratches
None

Ducks

5 vs 5 Forward 
   Center                   Left Wing                Right Wing               Time % Phy DF OF 
 1 Tyler Johnson            Tye McGinn               Adam Gaudette            40     0   2  3  
 2 Nico Hischier            Carter Verhaeghe         Adrian Kempe             30     0   2  3  
 3 Cody Eakin               Teemu Hartikainen        Josh Anderson            20     0   2  3  
 4 Frederick Gaudreau       Matt Martin              Kevin Fiala              10     0   2  3  

5 vs 5 Defense 
   Defense                  Defense                                           Time % Phy DF OF 
 1 Alex Pietrangelo         Adam Larsson                                      40     0   3  2  
 2 Tyler Myers              John Carlson                                      30     0   3  2  
 3 Danny DeKeiser           Nikita Tryamkin                                   20     0   3  2  
 4 Adam Larsson             Alex Pietrangelo                                  10     0   3  2  

PowerPlay Forward 
   Center                   Left Wing                Right Wing               Time % Phy DF OF 
 1 Tyler Johnson            Carter Verhaeghe         Adrian Kempe             60     0   1  4  
 2 Cody Eakin               Tye McGinn               Adam Gaudette            40     0   1  4  

PowerPlay Defense
   Defense                  Defense                                           Time % Phy DF OF 
 1 Alex Pietrangelo         Danny DeKeiser                                    60     0   1  4  
 2 Tyler Myers              Adam Larsson                                      40     0   1  4  

Penalty Kill 4 Players Forward 
   Center                   Wing                     Time % Phy DF OF 
 1 Cody Eakin               Matt Martin              60     1   2  2  
 2 Frederick Gaudreau       Teemu Hartikainen        40     1   2  2  

Penalty Kill 4 Players Defense
   Defense                  Defense                  Time % Phy DF OF 
 1 Tyler Myers              Nikita Tryamkin          60     1   2  2  
 2 Danny DeKeiser           Adam Larsson             40     1   2  2  

Penalty Kill - 3 Players Forward 
   Forward                                           Time % Phy DF OF 
 1 Tyler Johnson                                     60     1   2  2  
 2 Tye McGinn                                        40     1   2  2  

Penalty Kill - 3 Players Defense
   Defense                  Defense                  Time % Phy DF OF 
 1 Tyler Myers              Danny DeKeiser           60     1   2  2  
 2 John Carlson             Nikita Tryamkin          40     1   2  2  

4 vs 4 Forward 
   Center                   Wing                     Time % Phy DF OF 
 1 Tyler Johnson            Tye McGinn               60     1   2  2  
 2 Nico Hischier            Adam Gaudette            40     1   2  2  

4 vs 4 Defense
   Defense                  Defense                  Time % Phy DF OF 
 1 Alex Pietrangelo         Danny DeKeiser           60     1   2  2  
 2 Tyler Myers              Adam Larsson             40     1   2  2  

Last Minutes Offensive
   Center                   Left Wing                Right Wing               Defense                  Defense                  
   Tyler Johnson            Tye McGinn               Adrian Kempe             Alex Pietrangelo         Danny DeKeiser           

Last Minutes Defensive
   Center                   Left Wing                Right Wing               Defense                  Defense                  
   Tyler Johnson            Tye McGinn               Adrian Kempe             Alex Pietrangelo         Danny DeKeiser           

Goaltenders
Starting : Marek Mazanek            
Backup : Michal Neuvirth          

Extra Forwards
Normal : Carter Verhaeghe, Tyler Johnson, Adam Gaudette - PP : Adam Gaudette, Adrian Kempe - PK : Teemu Hartikainen
Extra Defensemen
Normal : Alex Pietrangelo, John Carlson, Tyler Myers - PP : Alex Pietrangelo - PK : Nikita Tryamkin, Tyler Myers
Penalty Shots
Tyler Johnson, Tye McGinn, Adrian Kempe, Adam Gaudette, Nico Hischier
Custom OT Lines Forwards
Tyler Johnson, Tye McGinn, Adrian Kempe, Adam Gaudette, Matt Martin, Cody Eakin, Carter Verhaeghe, Frederick Gaudreau, Teemu Hartikainen, Nico Hischier
Custom OT Lines Defensemen
Alex Pietrangelo, Danny DeKeiser, Tyler Myers, Adam Larsson, John Carlson

Scratches
None


% Time on Ice - Maple Leafs

Lines # - Real PCT - Wanted PCT - Time Play
Normal Forward
1 - 37% - 40% - 18:12
2 - 28% - 30% - 13:33
3 - 18% - 20% - 9:05
4 - 17% - 10% - 8:22
Normal Defense
1 - 42% - 40% - 20:38
2 - 32% - 30% - 15:42
3 - 21% - 20% - 10:10
4 - 5% - 10% - 2:42
PP Forward
1 - 55% - 60% - 2:15
2 - 45% - 40% - 1:50
PP Defense
1 - 60% - 60% - 2:28
2 - 40% - 40% - 1:37
PK Forward
1 - 86% - 60% - 4:11
2 - 14% - 40% - 0:40
PK Defense
1 - 64% - 60% - 3:07
2 - 36% - 40% - 1:44
PK3 Forward
1 - 0% - 60%
2 - 0% - 40%
PK3 Defense
1 - 0% - 60%
2 - 0% - 40%
44 Forward
1 - 100% - 60% - 1:52
2 - 0% - 40% - 0:00
44 Defense
1 - 47% - 60% - 0:53
2 - 53% - 40% - 0:59
Last Minute Offensive  - 0:00
Last Minute Defensive  - 0:00
Total
Forward - 60:00
Defense - 60:00

% Time on Ice - Ducks

Lines # - Real PCT - Wanted PCT - Time Play
Normal Forward
1 - 37% - 40% - 18:02
2 - 29% - 30% - 14:02
3 - 20% - 20% - 9:50
4 - 15% - 10% - 7:18
Normal Defense
1 - 41% - 40% - 20:05
2 - 32% - 30% - 15:54
3 - 22% - 20% - 10:51
4 - 5% - 10% - 2:22
PP Forward
1 - 59% - 60% - 2:53
2 - 41% - 40% - 1:58
PP Defense
1 - 57% - 60% - 2:47
2 - 43% - 40% - 2:04
PK Forward
1 - 74% - 60% - 3:01
2 - 26% - 40% - 1:04
PK Defense
1 - 59% - 60% - 2:25
2 - 41% - 40% - 1:40
PK3 Forward
1 - 0% - 60%
2 - 0% - 40%
PK3 Defense
1 - 0% - 60%
2 - 0% - 40%
44 Forward
1 - 67% - 60% - 1:15
2 - 33% - 40% - 0:37
44 Defense
1 - 54% - 60% - 1:00
2 - 46% - 40% - 0:52
Last Minute Offensive  - 0:00
Last Minute Defensive  - 0:00
Total
Forward - 60:00
Defense - 60:00

Play-by-Play

1st period


0:01 of 1st period - Tyler Johnson wins face-off versus Elias Pettersson in neutral zone.
0:12 of 1st period - Wrist shot by Tyler Johnson.
0:12 of 1st period - Shot Blocked by Zach Werenski.
0:14 of 1st period - Wrist shot by Tyler Johnson.
0:14 of 1st period - Stopped by Kristers Gudlevskis without a rebound.
0:15 of 1st period - Bo Horvat wins face-off versus Nico Hischier in Maple Leafs zone.
0:32 of 1st period - Wrist shot by Bo Horvat.
0:32 of 1st period - Shot Blocked by Carter Verhaeghe.
1:01 of 1st period - Snap shot by Nico Hischier.
1:01 of 1st period - Shot Blocked by Haydn Fleury.
1:07 of 1st period - Haydn Fleury is hit by Adrian Kempe and loses puck.
1:34 of 1st period - Adrian Kempe is hit by Pontus Aberg and loses puck.
1:40 of 1st period - Off-side.
1:41 of 1st period - Elias Pettersson wins face-off versus Tyler Johnson in neutral zone.
1:56 of 1st period - Snap shot by Elias Pettersson.
1:56 of 1st period - Stopped by Marek Mazanek with a rebound.
1:58 of 1st period - Wrist shot by Elias Pettersson.
1:58 of 1st period - Stopped by Marek Mazanek without a rebound.
1:59 of 1st period - Aleksi Saarela wins face-off versus Cody Eakin in Ducks zone.
2:52 of 1st period - Matt Martin is hit by Bo Horvat.
3:29 of 1st period - Minor Penalty to Cody Eakin for Hooking.
3:30 of 1st period - Teemu Hartikainen wins face-off versus Bo Horvat in Ducks zone.
5:29 of 1st period - Penalty to Cody Eakin is over, Cody Eakin is back on ice.
5:34 of 1st period - Nikita Tryamkin is hit by Pontus Aberg and loses puck.
6:08 of 1st period - Haydn Fleury is hit by Cody Eakin and loses puck.
6:51 of 1st period - Andre Burakovsky is hit by Josh Anderson.
7:03 of 1st period - Valentin Zykov is hit by Matt Martin and loses puck.
7:18 of 1st period - Nico Hischier is hit by Pierre-Olivier Joseph and loses puck.
7:55 of 1st period - Snap shot by Evander Kane.
7:55 of 1st period - Stopped by Marek Mazanek without a rebound.
7:56 of 1st period - Tyler Johnson wins face-off versus Elias Pettersson in Ducks zone.
8:19 of 1st period - Haydn Fleury is hit by Nikita Tryamkin and loses puck.
8:28 of 1st period - Nikita Tryamkin is hit by Bo Horvat and loses puck.
8:39 of 1st period - Nikita Tryamkin is hit by John Klingberg and loses puck.
9:08 of 1st period - Snap shot by Valentin Zykov.
9:08 of 1st period - Stopped by Marek Mazanek with a rebound.
9:10 of 1st period - Slapshot by Jon Merrill.
9:10 of 1st period - Stopped by Marek Mazanek with a rebound.
9:12 of 1st period - Slapshot by Jon Merrill.
9:12 of 1st period - Deflect By Tye McGinn.
9:12 of 1st period - Stopped by Marek Mazanek with a rebound.
9:41 of 1st period - Snap shot by William Nylander.
9:41 of 1st period - Stopped by Marek Mazanek with a rebound.
10:50 of 1st period - Slapshot by Cody Eakin.
10:50 of 1st period - Shot Misses the Net.
10:52 of 1st period - Snap shot by Teemu Hartikainen.
10:52 of 1st period - Stopped by Kristers Gudlevskis with a rebound.
10:54 of 1st period - Slapshot by Adam Larsson.
10:54 of 1st period - Shot Blocked by Zach Werenski.
10:56 of 1st period - Wrist shot by Alex Pietrangelo.
10:56 of 1st period - Shot Blocked by Zach Werenski.
10:58 of 1st period - Snap shot by Teemu Hartikainen.
10:58 of 1st period - Shot Misses the Net.
11:23 of 1st period - Icing by Tyler Myers.
11:24 of 1st period - Elias Pettersson wins face-off versus Nico Hischier in Ducks zone.
11:37 of 1st period - Slapshot by Evander Kane.
11:37 of 1st period - Deflect By John Carlson.
11:37 of 1st period - Stopped by Marek Mazanek without a rebound.
11:38 of 1st period - Tyler Johnson wins face-off versus Elias Pettersson in Ducks zone.
11:47 of 1st period - Wrist shot by Tye McGinn.
11:47 of 1st period - Shot Blocked by Evander Kane.
11:49 of 1st period - Slapshot by Tyler Johnson.
11:49 of 1st period - Stopped by Kristers Gudlevskis with a rebound.
11:51 of 1st period - Snap shot by Tyler Myers.
11:51 of 1st period - Deflect By Tye McGinn.
11:51 of 1st period - Stopped by Kristers Gudlevskis without a rebound.
11:52 of 1st period - Tyler Johnson wins face-off versus Elias Pettersson in Maple Leafs zone.
11:53 of 1st period - Wrist shot by Adam Gaudette.
11:53 of 1st period - Stopped by Kristers Gudlevskis with a rebound.
12:07 of 1st period - Wrist shot by Tye McGinn.
12:07 of 1st period - Stopped by Kristers Gudlevskis without a rebound.
12:08 of 1st period - Bo Horvat wins face-off versus Tyler Johnson in Maple Leafs zone.
12:13 of 1st period - Snap shot by Tyler Johnson.
12:13 of 1st period - Stopped by Kristers Gudlevskis without a rebound.
12:14 of 1st period - Tyler Johnson wins face-off versus Bo Horvat in Maple Leafs zone.
12:41 of 1st period - Slapshot by Zach Werenski.
12:41 of 1st period - Shot Blocked by Adam Larsson.
12:43 of 1st period - Slapshot by Evander Kane.
12:43 of 1st period - Stopped by Marek Mazanek with a rebound.
12:45 of 1st period - Backhand shot by Zach Werenski.
12:45 of 1st period - Shot Misses the Net.
12:47 of 1st period - Snap shot by Andre Burakovsky.
12:47 of 1st period - Stopped by Marek Mazanek with a rebound.
12:49 of 1st period - Slapshot by John Klingberg.
12:49 of 1st period - Shot Blocked by Alex Pietrangelo.
12:51 of 1st period - Slapshot by Zach Werenski.
12:51 of 1st period - Shot Blocked by Alex Pietrangelo.
12:53 of 1st period - Wrist shot by Andre Burakovsky.
12:53 of 1st period - Shot Misses the Net.
13:29 of 1st period - Tyler Johnson is hit by Valentin Zykov and loses puck.
13:47 of 1st period - Off-side.
13:48 of 1st period - Elias Pettersson wins face-off versus Frederick Gaudreau in neutral zone.
14:17 of 1st period - Slapshot by Cody Eakin.
14:17 of 1st period - Deflect By Teemu Hartikainen.
14:17 of 1st period - Stopped by Kristers Gudlevskis without a rebound.
14:18 of 1st period - Bo Horvat wins face-off versus Cody Eakin in Maple Leafs zone.
14:18 of 1st period - Bo Horvat is hit by Cody Eakin.
14:36 of 1st period - Wrist shot by William Nylander.
14:36 of 1st period - Shot Blocked by John Carlson.
14:38 of 1st period - Slapshot by Bo Horvat.
14:38 of 1st period - Shot Misses the Net.
14:50 of 1st period - Wrist shot by Jason Zucker.
14:50 of 1st period - Stopped by Marek Mazanek with a rebound.
14:52 of 1st period - Snap shot by William Nylander.
14:52 of 1st period - Shot Misses the Net.
14:54 of 1st period - Slapshot by Brendan Guhle.
14:54 of 1st period - Stopped by Marek Mazanek with a rebound.
14:56 of 1st period - Snap shot by Bo Horvat.
14:56 of 1st period - Shot Hit the Post.
14:58 of 1st period - Snap shot by Bo Horvat.
14:58 of 1st period - Stopped by Marek Mazanek with a rebound.
15:24 of 1st period - Snap shot by Bo Horvat.
15:24 of 1st period - Shot Misses the Net.
15:26 of 1st period - Snap shot by Jason Zucker.
15:26 of 1st period - Goal by Jason Zucker - Maple Leafs : 1 - Ducks : 0.
15:27 of 1st period - Elias Pettersson wins face-off versus Tyler Johnson in neutral zone.
15:36 of 1st period - Snap shot by Tyler Johnson.
15:36 of 1st period - Shot Blocked by John Klingberg.
15:38 of 1st period - Snap shot by Adam Gaudette.
15:38 of 1st period - Stopped by Kristers Gudlevskis without a rebound.
15:39 of 1st period - Tyler Johnson wins face-off versus Evander Kane in Maple Leafs zone.
15:54 of 1st period - Wrist shot by Elias Pettersson.
15:54 of 1st period - Stopped by Marek Mazanek without a rebound.
15:55 of 1st period - Elias Pettersson wins face-off versus Nico Hischier in Ducks zone.
16:02 of 1st period - Wrist shot by Andre Burakovsky.
16:02 of 1st period - Shot Misses the Net.
16:04 of 1st period - Minor Penalty to Adam Larsson for Roughing.
16:05 of 1st period - Cody Eakin wins face-off versus Bo Horvat in Ducks zone.
17:00 of 1st period - Cody Eakin is hit by Evander Kane and loses puck.
17:29 of 1st period - Andre Burakovsky is hit by Danny DeKeiser and loses puck.
18:04 of 1st period - Penalty to Adam Larsson is over, Adam Larsson is back on ice.
18:11 of 1st period - Martin Necas is hit by Alex Pietrangelo and loses puck.
18:18 of 1st period - Adam Gaudette is hit by Haydn Fleury.
18:28 of 1st period - Elias Lindholm is hit by Adam Larsson and loses puck.
19:44 of 1st period - Tyler Benson is hit by Josh Anderson and loses puck.
Goals for this period are 1 for Maple Leafs vs 0 for Ducks.
Shots for this period are 15 for Maple Leafs vs 9 for Ducks.

2nd period


0:01 of 2nd period - Elias Pettersson wins face-off versus Tyler Johnson in neutral zone.
0:30 of 2nd period - Wrist shot by Tye McGinn.
0:30 of 2nd period - Stopped by Kristers Gudlevskis without a rebound.
0:31 of 2nd period - Nico Hischier wins face-off versus Andre Burakovsky in Maple Leafs zone.
0:32 of 2nd period - Wrist shot by Adrian Kempe.
0:32 of 2nd period - Stopped by Kristers Gudlevskis with a rebound.
0:34 of 2nd period - Slapshot by Tyler Myers.
0:34 of 2nd period - Deflect By Adrian Kempe.
0:34 of 2nd period - Shot Misses the Net.
0:34 of 2nd period - Puck is out of play.
0:35 of 2nd period - Tyler Johnson wins face-off versus Elias Pettersson in Maple Leafs zone.
1:10 of 2nd period - Snap shot by Nico Hischier.
1:10 of 2nd period - Stopped by Kristers Gudlevskis with a rebound.
1:24 of 2nd period - Slapshot by Tyler Myers.
1:24 of 2nd period - Shot Misses the Net.
1:30 of 2nd period - Wrist shot by John Carlson.
1:30 of 2nd period - Shot Blocked by Zach Werenski.
1:32 of 2nd period - Slapshot by Matt Martin.
1:32 of 2nd period - Shot Misses the Net.
1:34 of 2nd period - Slapshot by John Carlson.
1:34 of 2nd period - Shot Blocked by Tyler Benson.
1:44 of 2nd period - Josh Anderson is hit by Andre Burakovsky and loses puck.
1:53 of 2nd period - Snap shot by Andre Burakovsky.
1:53 of 2nd period - Stopped by Marek Mazanek with a rebound.
2:03 of 2nd period - Jon Merrill is hit by Adam Larsson and loses puck.
2:23 of 2nd period - Icing by Tye McGinn.
2:24 of 2nd period - Nico Hischier wins face-off versus Bo Horvat in Ducks zone.
2:24 of 2nd period - Nico Hischier is hit by Jason Zucker.
2:50 of 2nd period - Minor Penalty to Adam Gaudette for Tripping.
2:51 of 2nd period - Andre Burakovsky wins face-off versus Cody Eakin in Ducks zone.
2:51 of 2nd period - Snap shot by Bo Horvat.
2:51 of 2nd period - Shot Misses the Net.
2:57 of 2nd period - Minor Penalty to Bo Horvat for Roughing.
2:58 of 2nd period - Elias Lindholm wins face-off versus Tyler Johnson in Maple Leafs zone.
3:07 of 2nd period - Tye McGinn is hit by Evander Kane and loses puck.
3:24 of 2nd period - Alex Pietrangelo is hit by Evander Kane and loses puck.
3:40 of 2nd period - Off-side.
3:41 of 2nd period - Pontus Aberg wins face-off versus Nico Hischier in neutral zone.
4:05 of 2nd period - Icing by Tyler Myers.
4:06 of 2nd period - Tye McGinn wins face-off versus Elias Lindholm in Ducks zone.
4:21 of 2nd period - Slapshot by Evander Kane.
4:21 of 2nd period - Stopped by Marek Mazanek with a rebound.
4:50 of 2nd period - Penalty to Adam Gaudette is over, Adam Gaudette is back on ice.
4:53 of 2nd period - Slapshot by Alex Pietrangelo.
4:53 of 2nd period - Stopped by Kristers Gudlevskis without a rebound.
4:54 of 2nd period - Elias Pettersson wins face-off versus Tyler Johnson in Maple Leafs zone.
4:57 of 2nd period - Penalty to Bo Horvat is over, Bo Horvat is back on ice.
5:21 of 2nd period - Aleksi Saarela is hit by Josh Anderson and loses puck.
5:43 of 2nd period - Snap shot by Adrian Kempe.
5:43 of 2nd period - Stopped by Kristers Gudlevskis with a rebound.
5:45 of 2nd period - Slapshot by Danny DeKeiser.
5:45 of 2nd period - Stopped by Kristers Gudlevskis without a rebound.
5:46 of 2nd period - Bo Horvat wins face-off versus Tyler Johnson in Maple Leafs zone.
5:57 of 2nd period - Zach Werenski is hit by Tyler Johnson and loses puck.
6:50 of 2nd period - Snap shot by Valentin Zykov.
6:50 of 2nd period - Shot Misses the Net.
6:52 of 2nd period - Snap shot by Pontus Aberg.
6:52 of 2nd period - Goal by Pontus Aberg - Maple Leafs : 2 - Ducks : 0.
6:53 of 2nd period - Elias Pettersson wins face-off versus Tyler Johnson in neutral zone.
7:27 of 2nd period - Slapshot by Teemu Hartikainen.
7:27 of 2nd period - Deflect By Cody Eakin.
7:27 of 2nd period - Stopped by Kristers Gudlevskis with a rebound.
7:29 of 2nd period - Snap shot by Cody Eakin.
7:29 of 2nd period - Stopped by Kristers Gudlevskis with a rebound.
7:37 of 2nd period - Minor Penalty to Jason Zucker for Close Hand On Puck.
7:38 of 2nd period - Bo Horvat wins face-off versus Tyler Johnson in Maple Leafs zone.
7:38 of 2nd period - Bo Horvat is hit by Carter Verhaeghe.
7:48 of 2nd period - Slapshot by Danny DeKeiser.
7:48 of 2nd period - Shot Misses the Net.
7:50 of 2nd period - Snap shot by Tyler Johnson.
7:50 of 2nd period - Stopped by Kristers Gudlevskis without a rebound.
7:51 of 2nd period - Tyler Johnson wins face-off versus Bo Horvat in Maple Leafs zone.
8:04 of 2nd period - Wrist shot by Tyler Johnson.
8:04 of 2nd period - Shot Blocked by Jon Merrill.
8:12 of 2nd period - Snap shot by Evander Kane.
8:12 of 2nd period - Stopped by Marek Mazanek without a rebound.
8:13 of 2nd period - Bo Horvat wins face-off versus Cody Eakin in Ducks zone.
8:17 of 2nd period - Icing by Cody Eakin.
8:18 of 2nd period - Cody Eakin wins face-off versus Bo Horvat in Ducks zone.
8:23 of 2nd period - Snap shot by Alex Pietrangelo.
8:23 of 2nd period - Goal by Alex Pietrangelo - Maple Leafs : 2 - Ducks : 1.
8:24 of 2nd period - Tyler Johnson wins face-off versus Elias Pettersson in neutral zone.
10:45 of 2nd period - Nikita Tryamkin is hit by Martin Necas.
11:22 of 2nd period - Snap shot by Frederick Gaudreau.
11:22 of 2nd period - Shot Misses the Net.
11:24 of 2nd period - Snap shot by Frederick Gaudreau.
11:24 of 2nd period - Stopped by Kristers Gudlevskis with a rebound.
11:26 of 2nd period - Wrist shot by Frederick Gaudreau.
11:26 of 2nd period - Deflect By Kevin Fiala.
11:26 of 2nd period - Stopped by Kristers Gudlevskis without a rebound.
11:27 of 2nd period - Nico Hischier wins face-off versus Elias Pettersson in Maple Leafs zone.
12:39 of 2nd period - Wrist shot by Elias Pettersson.
12:39 of 2nd period - Shot Blocked by Matt Martin.
12:41 of 2nd period - Slapshot by Pierre-Olivier Joseph.
12:41 of 2nd period - Stopped by Marek Mazanek with a rebound.
12:43 of 2nd period - Slapshot by Brendan Guhle.
12:43 of 2nd period - Stopped by Marek Mazanek without a rebound.
12:44 of 2nd period - Andre Burakovsky wins face-off versus Tyler Johnson in Ducks zone.
13:14 of 2nd period - Slapshot by John Carlson.
13:14 of 2nd period - Deflect By Carter Verhaeghe.
13:14 of 2nd period - Stopped by Kristers Gudlevskis without a rebound.
13:15 of 2nd period - Tyler Johnson wins face-off versus Bo Horvat in Maple Leafs zone.
13:22 of 2nd period - Backhand shot by Tyler Johnson.
13:22 of 2nd period - Stopped by Kristers Gudlevskis without a rebound.
13:23 of 2nd period - Bo Horvat wins face-off versus Tyler Johnson in Maple Leafs zone.
13:38 of 2nd period - Wrist shot by William Nylander.
13:38 of 2nd period - Shot Misses the Net.
13:40 of 2nd period - Snap shot by Jason Zucker.
13:40 of 2nd period - Deflect By William Nylander.
13:40 of 2nd period - Shot Blocked by Alex Pietrangelo.
13:40 of 2nd period - Puck is out of play.
13:41 of 2nd period - Nico Hischier wins face-off versus Elias Pettersson in Ducks zone.
14:04 of 2nd period - Minor Penalty to Andre Burakovsky for Holding.
14:05 of 2nd period - Tyler Johnson wins face-off versus Bo Horvat in Maple Leafs zone.
16:04 of 2nd period - Penalty to Andre Burakovsky is over, Andre Burakovsky is back on ice.
16:12 of 2nd period - Snap shot by Pierre-Olivier Joseph.
16:12 of 2nd period - Shot Blocked by Frederick Gaudreau.
16:14 of 2nd period - Slapshot by Tyler Benson.
16:14 of 2nd period - Goal by Tyler Benson - Maple Leafs : 3 - Ducks : 1.
16:15 of 2nd period - Josh Anderson wins face-off versus Elias Pettersson in neutral zone.
16:20 of 2nd period - Slapshot by Danny DeKeiser.
16:20 of 2nd period - Shot Blocked by Evander Kane.
16:26 of 2nd period - Slapshot by John Klingberg.
16:26 of 2nd period - Shot Hit the Post.
16:42 of 2nd period - William Nylander is hit by Adam Gaudette and loses puck.
16:53 of 2nd period - Slapshot by Alex Pietrangelo.
16:53 of 2nd period - Stopped by Kristers Gudlevskis with a rebound.
17:33 of 2nd period - Off-side.
17:34 of 2nd period - Tye McGinn wins face-off versus Elias Pettersson in neutral zone.
17:51 of 2nd period - Wrist shot by Tye McGinn.
17:51 of 2nd period - Shot Misses the Net.
18:02 of 2nd period - Icing by Adam Gaudette.
18:03 of 2nd period - Tyler Johnson wins face-off versus Bo Horvat in Ducks zone.
18:51 of 2nd period - John Klingberg is hit by John Carlson and loses puck.
19:24 of 2nd period - Wrist shot by Tye McGinn.
19:24 of 2nd period - Stopped by Kristers Gudlevskis without a rebound.
19:25 of 2nd period - Carter Verhaeghe wins face-off versus Elias Pettersson in Maple Leafs zone.
19:42 of 2nd period - Snap shot by Nico Hischier.
19:42 of 2nd period - Stopped by Kristers Gudlevskis with a rebound.
Goals for this period are 2 for Maple Leafs vs 1 for Ducks.
Shots for this period are 7 for Maple Leafs vs 17 for Ducks.

3rd period


0:01 of 3rd period - Tyler Johnson wins face-off versus Elias Pettersson in neutral zone.
1:13 of 3rd period - Snap shot by Teemu Hartikainen.
1:13 of 3rd period - Shot Misses the Net.
1:15 of 3rd period - Wrist shot by Josh Anderson.
1:15 of 3rd period - Deflect By Cody Eakin.
1:15 of 3rd period - Stopped by Kristers Gudlevskis with a rebound.
1:35 of 3rd period - Snap shot by Frederick Gaudreau.
1:35 of 3rd period - Stopped by Kristers Gudlevskis without a rebound.
1:36 of 3rd period - Frederick Gaudreau wins face-off versus Elias Pettersson in Maple Leafs zone.
1:39 of 3rd period - Snap shot by Frederick Gaudreau.
1:39 of 3rd period - Stopped by Kristers Gudlevskis with a rebound.
1:43 of 3rd period - Snap shot by Frederick Gaudreau.
1:43 of 3rd period - Stopped by Kristers Gudlevskis without a rebound.
1:44 of 3rd period - Elias Pettersson wins face-off versus Tyler Johnson in Maple Leafs zone.
1:57 of 3rd period - Elias Pettersson is hit by Adam Gaudette and loses puck.
2:53 of 3rd period - John Carlson is hit by Jon Merrill.
3:34 of 3rd period - Cody Eakin is hit by Bo Horvat and loses puck.
3:55 of 3rd period - Snap shot by Martin Necas.
3:55 of 3rd period - Shot Misses the Net.
3:57 of 3rd period - Slapshot by Haydn Fleury.
3:57 of 3rd period - Shot Misses the Net.
3:59 of 3rd period - Wrist shot by Tyler Benson.
3:59 of 3rd period - Goal by Tyler Benson - Maple Leafs : 4 - Ducks : 1.
4:00 of 3rd period - Tyler Johnson wins face-off versus Elias Pettersson in neutral zone.
5:06 of 3rd period - Off-side.
5:07 of 3rd period - Elias Lindholm wins face-off versus Frederick Gaudreau in neutral zone.
5:12 of 3rd period - Wrist shot by Valentin Zykov.
5:12 of 3rd period - Goal by Valentin Zykov - Maple Leafs : 5 - Ducks : 1.
5:12 of 3rd period - Michal Neuvirth enters game.
5:13 of 3rd period - Elias Pettersson wins face-off versus Tyler Johnson in neutral zone.
5:41 of 3rd period - Adrian Kempe is hit by William Nylander and loses puck.
5:48 of 3rd period - Wrist shot by Bo Horvat.
5:48 of 3rd period - Shot Hit the Post.
6:10 of 3rd period - Snap shot by Pontus Aberg.
6:10 of 3rd period - Shot Misses the Net.
6:48 of 3rd period - Evander Kane is hit by Tyler Johnson and loses puck.
7:07 of 3rd period - Alex Pietrangelo is hit by Pierre-Olivier Joseph and loses puck.
8:20 of 3rd period - Slapshot by Zach Werenski.
8:20 of 3rd period - Deflect By Martin Necas.
8:20 of 3rd period - Shot Blocked by Tyler Myers.
8:20 of 3rd period - Puck is out of play.
8:21 of 3rd period - Nico Hischier wins face-off versus Elias Pettersson in Ducks zone.
8:21 of 3rd period - Nico Hischier is hit by Evander Kane.
8:31 of 3rd period - Backhand shot by Nico Hischier.
8:31 of 3rd period - Shot Misses the Net.
8:33 of 3rd period - Minor Penalty to Evander Kane for Tripping.
8:34 of 3rd period - Tyler Johnson wins face-off versus Bo Horvat in Maple Leafs zone.
10:32 of 3rd period - Icing by Nico Hischier.
10:33 of 3rd period - Penalty to Evander Kane is over, Evander Kane is back on ice.
10:33 of 3rd period - Elias Lindholm wins face-off versus Nico Hischier in Ducks zone.
10:38 of 3rd period - Snap shot by Valentin Zykov.
10:38 of 3rd period - Stopped by Michal Neuvirth with a rebound.
10:40 of 3rd period - Snap shot by Pontus Aberg.
10:40 of 3rd period - Stopped by Michal Neuvirth without a rebound.
10:41 of 3rd period - Frederick Gaudreau wins face-off versus Elias Lindholm in Ducks zone.
10:56 of 3rd period - Slapshot by Frederick Gaudreau.
10:56 of 3rd period - Stopped by Kristers Gudlevskis without a rebound.
10:57 of 3rd period - Elias Pettersson wins face-off versus Tyler Johnson in Maple Leafs zone.
11:03 of 3rd period - Off-side.
11:04 of 3rd period - Elias Pettersson wins face-off versus Tyler Johnson in neutral zone.
11:27 of 3rd period - Andre Burakovsky is hit by Adam Gaudette and loses puck.
11:48 of 3rd period - Tyler Myers is hit by Zach Werenski and loses puck.
13:12 of 3rd period - Wrist shot by Tyler Johnson.
13:12 of 3rd period - Goal by Tyler Johnson - Maple Leafs : 5 - Ducks : 2.
13:13 of 3rd period - Bo Horvat wins face-off versus Nico Hischier in neutral zone.
13:20 of 3rd period - Wrist shot by Bo Horvat.
13:20 of 3rd period - Deflect By William Nylander.
13:20 of 3rd period - Stopped by Michal Neuvirth with a rebound.
13:40 of 3rd period - Tyler Benson is hit by Josh Anderson.
13:46 of 3rd period - Snap shot by Martin Necas.
13:46 of 3rd period - Deflect By Aleksi Saarela.
13:46 of 3rd period - Stopped by Michal Neuvirth without a rebound.
13:47 of 3rd period - Cody Eakin wins face-off versus Aleksi Saarela in Ducks zone.
14:02 of 3rd period - Brendan Guhle is hit by Nikita Tryamkin and loses puck.
14:13 of 3rd period - Jason Zucker is hit by Nico Hischier and loses puck.
14:42 of 3rd period - Wrist shot by Valentin Zykov.
14:42 of 3rd period - Shot Misses the Net.
15:38 of 3rd period - Slapshot by Alex Pietrangelo.
15:38 of 3rd period - Deflect By Kevin Fiala.
15:38 of 3rd period - Shot Misses the Net.
15:38 of 3rd period - Puck is out of play.
15:39 of 3rd period - Nico Hischier wins face-off versus Bo Horvat in Maple Leafs zone.
16:06 of 3rd period - Tye McGinn is hit by Andre Burakovsky and loses puck.
17:14 of 3rd period - William Nylander is hit by Tye McGinn and loses puck.
17:23 of 3rd period - Slapshot by Zach Werenski.
17:23 of 3rd period - Deflect By Jason Zucker.
17:23 of 3rd period - Shot Blocked by John Carlson.
17:23 of 3rd period - Puck is out of play.
17:24 of 3rd period - Aleksi Saarela wins face-off versus Cody Eakin in Ducks zone.
17:31 of 3rd period - Wrist shot by Tyler Benson.
17:31 of 3rd period - Deflect By Martin Necas.
17:31 of 3rd period - Stopped by Michal Neuvirth with a rebound.
17:39 of 3rd period - Wrist shot by Teemu Hartikainen.
17:39 of 3rd period - Stopped by Kristers Gudlevskis without a rebound.
17:40 of 3rd period - Elias Pettersson wins face-off versus Tyler Johnson in Maple Leafs zone.
17:51 of 3rd period - Snap shot by Elias Pettersson.
17:51 of 3rd period - Shot Misses the Net.
17:53 of 3rd period - Snap shot by Evander Kane.
17:53 of 3rd period - Goal by Evander Kane - Maple Leafs : 6 - Ducks : 2.
17:54 of 3rd period - Tyler Johnson wins face-off versus Evander Kane in neutral zone.
18:26 of 3rd period - Off-side.
18:27 of 3rd period - Nico Hischier wins face-off versus Bo Horvat in neutral zone.
18:38 of 3rd period - Slapshot by Jason Zucker.
18:38 of 3rd period - Stopped by Michal Neuvirth without a rebound.
18:39 of 3rd period - Elias Pettersson wins face-off versus Tye McGinn in Ducks zone.
18:40 of 3rd period - Slapshot by John Klingberg.
18:40 of 3rd period - Shot Misses the Net.
19:11 of 3rd period - Snap shot by Jason Zucker.
19:11 of 3rd period - Stopped by Michal Neuvirth with a rebound.
19:13 of 3rd period - Snap shot by Jason Zucker.
19:13 of 3rd period - Shot Misses the Net.
19:15 of 3rd period - Slapshot by Haydn Fleury.
19:15 of 3rd period - Deflect By William Nylander.
19:15 of 3rd period - Goal by William Nylander - Maple Leafs : 7 - Ducks : 2.
19:16 of 3rd period - Tyler Johnson wins face-off versus Elias Pettersson in neutral zone.
19:33 of 3rd period - Slapshot by Adam Gaudette.
19:33 of 3rd period - Stopped by Kristers Gudlevskis without a rebound.
19:34 of 3rd period - Bo Horvat wins face-off versus Nico Hischier in Maple Leafs zone.
19:45 of 3rd period - Wrist shot by Bo Horvat.
19:45 of 3rd period - Deflect By William Nylander.
19:45 of 3rd period - Shot Blocked by Alex Pietrangelo.
19:45 of 3rd period - Puck is out of play.
19:46 of 3rd period - Elias Pettersson wins face-off versus Tyler Johnson in Ducks zone.
19:49 of 3rd period - Snap shot by Andre Burakovsky.
19:49 of 3rd period - Shot Hit the Post.
19:51 of 3rd period - Slapshot by Evander Kane.
19:51 of 3rd period - Stopped by Michal Neuvirth without a rebound.
19:52 of 3rd period - Tye McGinn wins face-off versus Evander Kane in Ducks zone.
Goals for this period are 4 for Maple Leafs vs 1 for Ducks.
Shots for this period are 12 for Maple Leafs vs 8 for Ducks.